 Dungeon Crawl Stone Soup version 0.31-a0-167-g1c394c0614 (webtiles) character file.

Game seed: 4081348898728606594

12449 qw the Skirmisher (level 11, -1/106 HPs)
             Began as a Naga Hunter on June 14, 2023.
             Was a Priest of Okawaru.
             Slain by a yak (9 damage)
             ... on level 1 of the Lair of Beasts.
             The game lasted 00:04:06 (9826 turns).

qw the Skirmisher (Naga Hunter)                     Turns: 9826, Time: 00:04:07

Health: -1/106     AC:  8    Str: 15    XL:     11   Next: 93%
Magic:  13/14      EV: 20    Int:  9    God:    Okawaru [***...]
Gold:   405        SH:  5    Dex: 18    Spells: 10/10 levels left

rFire   . . .        Y - +1 orcbow
rCold   . . .        (shield currently unavailable)
rNeg    . . .        c - +0 leather armour
rPois   +            l - +0 helmet
rElec   .            p - +0 cloak
rCorr   .            (no gloves)
SInv    +            (no barding)
Will    +....        d - amulet of reflection
Stlth   +++          a - +5 ring of evasion
HPRegen 0.37/turn    (no ring)
MPRegen 0.14/turn

%: reflection
@: heroic, very slow
A: AC +3, large, see invisible, deformed body, poison resistance, slowness 2,
spit poison 1, naga tail 1
a: Spit Poison, Renounce Religion, Heroism


You were on level 1 of the Lair of Beasts.
You worshipped Okawaru.
Okawaru was most pleased with you.
You visited 3 branches of the dungeon, and saw 12 of its levels.

You collected 601 gold pieces.
You spent 196 gold pieces at shops.


Innate Abilities, Weirdness & Mutations

Your serpentine skin is tough. (AC +3)
You have supernaturally acute eyesight. (SInv)
Armour fits poorly on your strangely shaped body.
Your system is resistant to poisons. (rPois)
You cover ground very slowly.
You can spit poison.
You have a snake-like lower body.


   Skills:
 + Level 9.0(14.0) Fighting
 - Level 14.0(19.0) Ranged Weapons
 - Level 2.0(7.0) Armour
 - Level 5.0(10.0) Dodging
 - Level 1.5(6.5) Stealth
 - Level 4.0 Invocations


You had 10 spell levels left.
You didn't know any spells.
Your spell library was empty.

Inventory:

Hand Weapons
 Y - a +1 orcbow (weapon)
Armour
 c - a +0 leather armour (worn)
 e - a +0 helmet of see invisible
 k - the +3 leather armour of Vampiric Thralls {-Tele rN++}
   (You found it on level 4 of the Dungeon)

   rN:        It greatly protects you from negative energy.
   -Tele:     It prevents most forms of teleportation.
 l - a +0 helmet (worn)
 p - a +0 cloak (worn)
Jewellery
 a - a +5 ring of evasion (left hand)
 d - an amulet of reflection (around neck)
Scrolls
 i - 4 scrolls of identify
Potions
 b - a potion of mutation
 g - 6 potions of curing
 h - 3 potions of might
 j - 2 potions of resistance
 o - a potion of haste

Dungeon Overview and Level Annotations

Branches:
Dungeon (10/15)            Temple (1/1) D:4            Lair (1/5) D:10
    Orc (0/2) D:9

Altars:
Ashenzari
Cheibriados
Dithmenos
Elyvilon
Fedhas
Gozag
Hepliaklqana
Kikubaaqudgha
Makhleb
Nemelex Xobeh
Okawaru
Qazlal
Ru
Sif Muna
Trog
Uskayaw
Vehumet
Wu Jian
Xom
Yredelemnul
Zin
The Shining One

Shops:
D:1 !   D:2 *   D:5 *   D:8 ?

Annotations:
D:10 2 transporters, qw's ghost, journeyman NaHu
Lair:1 Amaemon


Message History

You hear a bellow! x2
Your base Ranged Weapons skill increases to level 14!
You shoot an arrow. The arrow hits Amaemon.
Amaemon is lightly wounded.
The yak closely misses you. Amaemon misses you. x3
You shoot an arrow. The arrow barely misses Amaemon.
The arrow barely misses the yak.
A yak comes into view.
The yak gores you but does no damage. You block Amaemon's attack.
Amaemon closely misses you. x2
You shoot an arrow. The arrow barely misses Amaemon.
The yak bellows!
The arrow hits the yak!
The yak is heavily wounded.
You have got your breath back.
You hear a loud, deep croak!
9823 ||| INVOKING Spit Poison.
Aiming: Spit Poison (1% risk of failure)
Press: ? - help, Shift-Dir - straight line, f/p - Amaemon The splash of poison hits Amaemon!
Amaemon is lightly wounded.
The yak closely misses you.
Amaemon hits you with a +1 demon whip of venom!
Amaemon closely misses you. Amaemon barely misses you.
You shoot an arrow. The arrow hits Amaemon.
Amaemon is lightly wounded.
The yak closely misses you.
Amaemon's eyes glow red.
Amaemon mumbles some strange words.
You shoot an arrow. The arrow hits the yak!
The yak is severely wounded.
The yak completely misses you. The yak gores you!
Amaemon casts a spell.
You shoot an arrow. The arrow hits the yak!
The yak is almost dead.
You have got your breath back.
The yak completely misses you. You block Amaemon's attack.
Amaemon misses you. x2
A yak comes into view.
The yak gores you!
You die...

#.. .##...##.. .. ##..
Y........ #.########...
....8.....#.............
...Y.....#..............
#.8...8.#...............
#.....Y................[
....8s6Y.#.#............
...%.s%@........%..%.[..
.#.#.#Y.s....##..#.%.###
####............#
###....>.....#
####...#...P# ##.##...##
#.......# ##......#
#......#


You could see Amaemon, 5 yaks and 3 scorpions.

Vanquished Creatures
  A soul eater (D:9)
  Maurice (D:8)
  4 cane toads (Lair:1)
  A smoke demon (D:9)
  A rime drake (Lair:1)
  A komodo dragon (Lair:1)
  3 red devils (D:9)
  2 hellwings (D:9)
  A troll (D:10)
  2 hornets
  Sigmund (D:4)
  3 slime creatures (D:10)
  16 yaks
  3 wyverns
  A ynoxinul (D:9)
  A basilisk (Lair:1)
  4 water moccasins
  An acid dragon (D:9)
  3 black bears
  5 ice beasts
  5 centaurs
  An ogre (D:7)
  6 bullfrogs
  2 kobold brigands
  3 scorpions
  A gnoll sergeant (D:10)
  17 wights
  2 howler monkeys
  A quasit (D:9)
  5 orc priests
  2 jellies (D:7)
  A gnoll bouda (D:6)
  6 hounds
  A sleepcap (D:6)
  4 orc wizards
  7 gnolls
  8 adders
  A white imp (D:8)
  2 ufetubi (D:6)
  A worm (D:3)
  3 dart slugs
  16 orcs
  9 ball pythons
  5 bats
  4 endoplasms
  3 giant cockroaches (D:2)
  3 goblins
  3 hobgoblins
  3 jackals (D:2)
  14 kobolds
  7 quokkas
  5 frilled lizards
  4 rats
210 creatures vanquished.

Notes
Turn   | Place    | Note
-------+----------+-------------------------------------------
     0 | D:1      | qw the Naga Hunter began the quest for the Orb.
     0 | D:1      | Reached XP level 1. HP: 19/19 MP: 1/1
     0 | D:1      | 0 ||| qw: Version: 0.2-a-29-g1fa15c8
     0 | D:1      | 0 ||| qw: Game counter: 5090
     0 | D:1      | 0 ||| qw: Always use a shield: true
     0 | D:1      | 0 ||| qw: God list: Okawaru
     0 | D:1      | 0 ||| qw: Allow faded altars: false
     0 | D:1      | 0 ||| qw: Do Orc after D:15 true
     0 | D:1      | 0 ||| qw: Do second Lair branch before Depths: true
     0 | D:1      | 0 ||| qw: Lair rune preference: random
     0 | D:1      | 0 ||| qw: Plans: Normal
     0 | D:1      | 0 ||| PLANNING D:1-11
    50 | D:1      | 50 ||| INVOKING Spit Poison.
    51 | D:1      | 51 ||| INVOKING Spit Poison.
   137 | D:1      | 137 ||| INVOKING Spit Poison.
   148 | D:1      | 148 ||| INVOKING Spit Poison.
   154 | D:1      | 154 ||| INVOKING Spit Poison.
   182 | D:1      | 182 ||| INVOKING Spit Poison.
   185 | D:1      | Reached skill level 4 in Ranged Weapons
   185 | D:1      | Reached XP level 2. HP: 26/26 MP: 2/2
   268 | D:1      | 268 ||| INVOKING Spit Poison.
   338 | D:1      | Found Vuseh's Distillery.
   343 | D:1      | 343 ||| INVOKING Spit Poison.
   348 | D:1      | 348 ||| SHOPLISTING 2 potions of haste (260 gold, have 27).
   348 | D:1      | 348 ||| SHOPLISTING potion of curing (39 gold, have 27).
   348 | D:1      | 348 ||| SHOPLISTING potion of haste (130 gold, have 27).
   348 | D:1      | 348 ||| SHOPLISTING potion of heal wounds (65 gold, have
                  | 27).
   393 | D:1      | 393 ||| INVOKING Spit Poison.
   424 | D:1      | 424 ||| INVOKING Spit Poison.
   462 | D:1      | 462 ||| INVOKING Spit Poison.
   564 | D:1      | 564 ||| INVOKING Spit Poison.
   781 | D:1      | 781 ||| DROPPING ring of wizardry.
   782 | D:1      | 782 ||| READING scroll labelled ZIDIXIHODOTH.
   783 | D:1      | 783 ||| READING 3 scrolls labelled GIWOVO UGUKHLAX.
   784 | D:1      | 784 ||| READING 2 scrolls of enchant weapon.
   784 | D:1      | 784 ||| ENCHANTING +1 shortbow.
   785 | D:1      | 785 ||| READING scroll of enchant weapon.
   785 | D:1      | 785 ||| ENCHANTING +2 shortbow.
   786 | D:1      | 786 ||| DROPPING scroll of butterflies.
   793 | D:2      | 793 ||| INVOKING Spit Poison.
   794 | D:2      | 794 ||| INVOKING Spit Poison.
   799 | D:2      | Reached XP level 3. HP: 27/32 MP: 3/3
   845 | D:2      | 845 ||| INVOKING Spit Poison.
   850 | D:2      | 850 ||| INVOKING Spit Poison.
   854 | D:2      | 854 ||| INVOKING Spit Poison.
   907 | D:2      | 907 ||| INVOKING Spit Poison.
   929 | D:2      | 929 ||| INVOKING Spit Poison.
   935 | D:2      | 935 ||| INVOKING Spit Poison.
   939 | D:2      | 939 ||| INVOKING Spit Poison.
   943 | D:2      | 943 ||| INVOKING Spit Poison.
   979 | D:2      | 979 ||| INVOKING Spit Poison.
   982 | D:2      | Reached skill level 5 in Ranged Weapons
   982 | D:2      | Reached XP level 4. HP: 39/39 MP: 4/4
  1016 | D:2      | 1016 ||| READING scroll of enchant weapon.
  1016 | D:2      | 1016 ||| ENCHANTING +3 shortbow.
  1018 | D:2      | 1018 ||| INVOKING Spit Poison.
  1075 | D:2      | Found Qoj Meeh's General Store.
  1080 | D:2      | 1080 ||| SHOPLISTING potion of haste (120 gold, have 79).
  1080 | D:2      | 1080 ||| SHOPLISTING potion of mutation (96 gold, have 79).
  1144 | D:2      | 1144 ||| UPGRADING to amulet of the acrobat.
  1149 | D:2      | 1149 ||| UPGRADING to +5 ring of evasion.
  1150 | D:2      | 1150 ||| READING scroll labelled SARPHA PIWU.
  1151 | D:2      | 1151 ||| READING scroll labelled MUFETZ KIUCIFO.
  1155 | D:2      | 1155 ||| READING scroll labelled LEMETI HUIPP.
  1156 | D:2      | 1156 ||| DRINKING 4 emerald potions.
  1280 | D:3      | 1280 ||| INVOKING Spit Poison.
  1307 | D:3      | 1307 ||| INVOKING Spit Poison.
  1364 | D:3      | 1364 ||| INVOKING Spit Poison.
  1377 | D:3      | 1377 ||| INVOKING Spit Poison.
  1380 | D:3      | 1380 ||| INVOKING Spit Poison.
  1404 | D:3      | 1404 ||| INVOKING Spit Poison.
  1465 | D:3      | 1465 ||| INVOKING Spit Poison.
  1469 | D:3      | 1469 ||| INVOKING Spit Poison.
  1483 | D:3      | 1483 ||| INVOKING Spit Poison.
  1486 | D:3      | 1486 ||| INVOKING Spit Poison.
  1617 | D:3      | 1617 ||| READING scroll labelled OTYCKO SIENYAS.
  1639 | D:4      | Noticed Sigmund
  1642 | D:4      | 1642 ||| INVOKING Spit Poison.
  1646 | D:4      | 1646 ||| INVOKING Spit Poison.
  1647 | D:4      | Killed Sigmund
  1648 | D:4      | Reached XP level 5. HP: 49/52 MP: 5/5
  1648 | D:4      | Reached XP level 6. HP: 58/61 MP: 6/6
  1693 | D:4      | Found a snail-covered altar of Cheibriados.
  1693 | D:4      | Found a bloodstained altar of Trog.
  1695 | D:4      | Found a basalt altar of Yredelemnul.
  1721 | D:4      | 1721 ||| INVOKING Spit Poison.
  1743 | D:4      | 1743 ||| INVOKING Spit Poison.
  1748 | D:4      | 1748 ||| INVOKING Spit Poison.
  1757 | D:4      | 1757 ||| INVOKING Spit Poison.
  1763 | D:4      | Identified the +3 leather armour of Vampiric Thralls {-Tele
                  | rN++}
  1796 | D:4      | 1796 ||| INVOKING Spit Poison.
  1802 | D:4      | Found a hide-covered altar of Uskayaw.
  1818 | D:4      | 1818 ||| INVOKING Spit Poison.
  1886 | D:4      | Found a staircase to the Ecumenical Temple.
  1888 | D:4      | 1888 ||| PLANNING TEMPLE
  1888 | D:4      | 1888 ||| DROPPING amulet of magic regeneration.
  1889 | D:4      | 1889 ||| READING scroll labelled CUHELO HUOLO.
  1890 | D:4      | 1890 ||| READING scroll labelled IBIOF PUUGRIQ.
  1891 | D:4      | 1891 ||| READING 3 scrolls of identify.
  1891 | D:4      | 1891 ||| IDENTIFYING bubbling inky potion
  1892 | D:4      | 1892 ||| READING 2 scrolls of identify.
  1892 | D:4      | 1892 ||| IDENTIFYING fizzy red potion
  1893 | D:4      | 1893 ||| DROPPING potion of degeneration.
  1902 | Temple   | Entered the Ecumenical Temple
  1971 | Temple   | 1971 ||| PLANNING OKAWARU WORSHIP
  2081 | Temple   | Became a worshipper of Warmaster Okawaru
  2082 | Temple   | 2082 ||| PLANNING D:1-11
  2183 | D:4      | 2183 ||| INVOKING Spit Poison.
  2294 | D:5      | Entered Level 5 of the Dungeon
  2333 | D:5      | Reached skill level 6 in Ranged Weapons
  2333 | D:5      | Reached XP level 7. HP: 67/67 MP: 7/7
  2335 | D:5      | 2335 ||| INVOKING Spit Poison.
  2340 | D:5      | 2340 ||| INVOKING Spit Poison.
  2389 | D:5      | 2389 ||| INVOKING Spit Poison.
  2392 | D:5      | 2392 ||| INVOKING Spit Poison.
  2414 | D:5      | 2414 ||| INVOKING Spit Poison.
  2416 | D:5      | Reached skill level 7 in Ranged Weapons
  2438 | D:5      | 2438 ||| INVOKING Spit Poison.
  2443 | D:5      | 2443 ||| INVOKING Spit Poison.
  2542 | D:5      | 2542 ||| INVOKING Spit Poison.
  2543 | D:5      | Reached * piety under Okawaru
  2644 | D:5      | 2644 ||| INVOKING Spit Poison.
  2647 | D:5      | 2647 ||| INVOKING Spit Poison.
  2709 | D:5      | 2709 ||| INVOKING Heroism.
  2712 | D:5      | 2712 ||| INVOKING Spit Poison.
  2714 | D:5      | Reached XP level 8. HP: 74/74 MP: 5/8
  2745 | D:5      | Found Pyuph's CLEARANCE SALE!.
  2752 | D:5      | 2752 ||| BUYING potion of haste (20 gold).
  2752 | D:5      | Bought a potion of haste for 20 gold pieces
  2752 | D:5      | 2752 ||| BUYING potion of heal wounds (10 gold).
  2752 | D:5      | Bought a potion of heal wounds for 10 gold pieces
  2752 | D:5      | 2752 ||| BUYING scroll of identify (4 gold).
  2752 | D:5      | Bought a scroll of identify for 4 gold pieces
  2800 | D:5      | Found a blossoming altar of Fedhas.
  2805 | D:5      | 2805 ||| UPGRADING to +0 helmet.
  2810 | D:5      | 2810 ||| READING scroll labelled YSIYTH HEFAJ.
  2811 | D:5      | 2811 ||| DRINKING 2 grey potions.
  2812 | D:5      | 2812 ||| READING 3 scrolls of identify.
  2812 | D:5      | 2812 ||| IDENTIFYING golden potion
  2813 | D:5      | 2813 ||| DROPPING potion of brilliance.
  2814 | D:5      | 2814 ||| DROPPING potion of enlightenment.
  2835 | D:6      | 2835 ||| INVOKING Heroism.
  2836 | D:6      | 2836 ||| INVOKING Spit Poison.
  2840 | D:6      | Reached skill level 1 in Invocations
  2841 | D:6      | 2841 ||| INVOKING Spit Poison.
  2843 | D:6      | 2843 ||| STAIRDANCE
  2979 | D:6      | 2979 ||| INVOKING Heroism.
  2980 | D:6      | 2980 ||| INVOKING Spit Poison.
  2996 | D:6      | 2996 ||| INVOKING Spit Poison.
  3001 | D:6      | 3001 ||| INVOKING Spit Poison.
  3039 | D:6      | 3039 ||| INVOKING Spit Poison.
  3046 | D:6      | 3046 ||| INVOKING Spit Poison.
  3051 | D:6      | 3051 ||| INVOKING Spit Poison.
  3053 | D:6      | Reached skill level 8 in Ranged Weapons
  3053 | D:6      | Reached skill level 3 in Invocations
  3217 | D:6      | 3217 ||| INVOKING Heroism.
  3218 | D:6      | 3218 ||| INVOKING Spit Poison.
  3219 | D:6      | 3219 ||| Stepping ~*~*~tactically~*~*~ (outnumbered).
  3223 | D:6      | 3223 ||| INVOKING Spit Poison.
  3230 | D:6      | 3230 ||| INVOKING Spit Poison.
  3289 | D:6      | 3289 ||| INVOKING Heroism.
  3290 | D:6      | 3290 ||| INVOKING Spit Poison.
  3294 | D:6      | 3294 ||| INVOKING Spit Poison.
  3573 | D:6      | Found a glowing silver altar of Zin.
  3687 | D:6      | 3687 ||| READING scroll labelled ALECSILIUB.
  3714 | D:7      | 3714 ||| INVOKING Spit Poison.
  3763 | D:7      | 3763 ||| INVOKING Spit Poison.
  3769 | D:7      | 3769 ||| INVOKING Spit Poison.
  3770 | D:7      | Reached skill level 9 in Ranged Weapons
  3770 | D:7      | Reached XP level 9. HP: 69/81 MP: 12/12
  3815 | D:7      | 3815 ||| INVOKING Spit Poison.
  3817 | D:7      | Reached skill level 1 in Armour
  3884 | D:7      | 3884 ||| INVOKING Heroism.
  3885 | D:7      | 3885 ||| INVOKING Spit Poison.
  3889 | D:7      | 3889 ||| INVOKING Spit Poison.
  3944 | D:7      | 3944 ||| INVOKING Spit Poison.
  3950 | D:7      | 3950 ||| READING scroll of enchant weapon.
  3950 | D:7      | 3950 ||| ENCHANTING +4 heavy shortbow.
  3991 | D:7      | 3991 ||| INVOKING Heroism.
  3993 | D:7      | Reached skill level 3 in Dodging
  4022 | D:7      | 4022 ||| INVOKING Spit Poison.
  4025 | D:7      | 4025 ||| INVOKING Spit Poison.
  4063 | D:7      | 4063 ||| INVOKING Heroism.
  4073 | D:7      | Reached skill level 6 in Fighting
  4427 | D:7      | 4427 ||| INVOKING Heroism.
  4428 | D:7      | 4428 ||| INVOKING Spit Poison.
  4450 | D:7      | 4450 ||| INVOKING Spit Poison.
  4572 | D:7      | 4572 ||| READING scroll labelled DELULO ODUATIS.
  4573 | D:7      | 4573 ||| DRINKING 2 lumpy emerald potions.
  4590 | D:8      | 4590 ||| INVOKING Spit Poison.
  4596 | D:8      | 4596 ||| INVOKING Spit Poison.
  4604 | D:8      | 4604 ||| INVOKING Spit Poison.
  4607 | D:8      | 4607 ||| INVOKING Spit Poison.
  4658 | D:8      | 4658 ||| INVOKING Heroism.
  4662 | D:8      | Reached skill level 10 in Ranged Weapons
  4846 | D:8      | 4846 ||| INVOKING Spit Poison.
  4852 | D:8      | 4852 ||| INVOKING Spit Poison.
  4925 | D:8      | Found Racet's Magic Scroll Boutique.
  4925 | D:8      | Noticed a hornet
  4926 | D:8      | 4926 ||| INVOKING Spit Poison.
  4929 | D:8      | 4929 ||| INVOKING Heroism.
  4931 | D:8      | 4931 ||| INVOKING Spit Poison.
  4932 | D:8      | Killed a hornet
  4934 | D:8      | 4934 ||| INVOKING Spit Poison.
  4936 | D:8      | Reached ** piety under Okawaru
  4939 | D:8      | Reached XP level 10. HP: 40/94 MP: 11/13
  5099 | D:8      | 5099 ||| BUYING scroll of enchant weapon (90 gold).
  5099 | D:8      | Bought a scroll of enchant weapon for 90 gold pieces
  5099 | D:8      | 5099 ||| BUYING scroll of teleportation (36 gold).
  5099 | D:8      | Bought a scroll of teleportation for 36 gold pieces
  5099 | D:8      | 5099 ||| BUYING scroll of teleportation (36 gold).
  5099 | D:8      | Bought a scroll of teleportation for 36 gold pieces
  5099 | D:8      | 5099 ||| UPGRADING to +0 orcbow.
  5100 | D:8      | 5100 ||| DROPPING +5 heavy shortbow.
  5101 | D:8      | 5101 ||| READING scroll of enchant weapon.
  5101 | D:8      | 5101 ||| ENCHANTING +0 orcbow.
  5337 | D:8      | Noticed Maurice
  5338 | D:8      | 5338 ||| INVOKING Spit Poison.
  5345 | D:8      | 5345 ||| INVOKING Spit Poison.
  5352 | D:8      | 5352 ||| INVOKING Spit Poison.
  5354 | D:8      | 5354 ||| INVOKING Heroism.
  5357 | D:8      | 5357 ||| INVOKING Spit Poison.
  5358 | D:8      | Killed Maurice
  5517 | D:8      | 5517 ||| UPGRADING to +0 cloak.
  5522 | D:8      | 5522 ||| READING scroll labelled MAUBOC KUFAU.
  5523 | D:8      | 5523 ||| READING scroll labelled MITI COOLERO.
  5524 | D:8      | 5524 ||| READING scroll labelled BURIFE XOWAX.
  5644 | D:9      | 5644 ||| INVOKING Spit Poison.
  5649 | D:9      | Reached skill level 11 in Ranged Weapons
  5668 | D:9      | 5668 ||| INVOKING Heroism.
  5870 | D:9      | 5870 ||| INVOKING Spit Poison.
  5876 | D:9      | 5876 ||| INVOKING Spit Poison.
  5890 | D:9      | Found a staircase to the Orcish Mines.
  5929 | D:9      | Found a glowing golden altar of the Shining One.
  5934 | D:9      | Found a shimmering blue altar of Sif Muna.
  5998 | D:9      | 5998 ||| INVOKING Spit Poison.
  6001 | D:9      | 6001 ||| INVOKING Spit Poison.
  6006 | D:9      | 6006 ||| INVOKING Spit Poison.
  6010 | D:9      | 6010 ||| INVOKING Spit Poison.
  6016 | D:9      | 6016 ||| INVOKING Spit Poison.
  6019 | D:9      | 6019 ||| INVOKING Spit Poison.
  6020 | D:9      | 6020 ||| INVOKING Heroism.
  6023 | D:9      | 6023 ||| INVOKING Spit Poison.
  6228 | D:9      | 6228 ||| INVOKING Heroism.
  6233 | D:9      | Noticed a soul eater
  6241 | D:9      | Noticed an orange demon
  6248 | D:9      | HP: 22/96 [soul eater (20)]
  6249 | D:9      | 6249 ||| READING 3 scrolls of teleportation.
  6250 | D:9      | 6250 ||| DRINKING 3 potions of heal wounds.
  6460 | D:9      | 6460 ||| INVOKING Heroism.
  6461 | D:9      | 6461 ||| Stepping ~*~*~tactically~*~*~ (outnumbered).
  6493 | D:9      | 6493 ||| INVOKING Heroism.
  6500 | D:9      | HP: 14/93 [soul eater (17)]
  6501 | D:9      | 6501 ||| READING 2 scrolls of teleportation.
  6502 | D:9      | 6502 ||| DRINKING 2 potions of heal wounds.
  6503 | D:9      | 6503 ||| DRINKING potion of heal wounds.
  6505 | D:9      | HP: 17/88 [soul eater (14)]
  6557 | D:9      | 6557 ||| INVOKING Heroism.
  6807 | D:9      | 6807 ||| INVOKING Heroism.
  6824 | D:9      | 6824 ||| INVOKING Spit Poison.
  6829 | D:9      | Killed a soul eater
  6830 | D:9      | Reached skill level 12 in Ranged Weapons
  6832 | D:9      | 6832 ||| INVOKING Spit Poison.
  6832 | D:9      | HP: 24/96 [hellwing (6)]
  6833 | D:9      | 6833 ||| READING scroll of teleportation.
  6833 | D:9      | HP: 8/96 [hellwing (4)]
  6838 | D:9      | 6838 ||| INVOKING Heroism.
  7097 | D:9      | Noticed a smoke demon
  7105 | D:9      | Killed a smoke demon
  7106 | D:9      | Reached XP level 11. HP: 93/103 MP: 14/14
  7155 | D:9      | 7155 ||| INVOKING Spit Poison.
  7164 | D:9      | 7164 ||| INVOKING Heroism.
  7173 | D:9      | 7173 ||| INVOKING Spit Poison.
  7462 | D:9      | Found an ancient bone altar of Kikubaaqudgha.
  7463 | D:9      | Found a shadowy altar of Dithmenos.
  7463 | D:9      | Found a burning altar of Makhleb.
  7466 | D:9      | Found a sparkling altar of Nemelex Xobeh.
  7525 | D:9      | 7525 ||| READING scroll labelled URAT BITEODGHA.
  7560 | D:10     | Entered Level 10 of the Dungeon
  7561 | D:10     | 7561 ||| INVOKING Heroism.
  7562 | D:10     | 7562 ||| INVOKING Spit Poison.
  7642 | D:10     | 7642 ||| INVOKING Spit Poison.
  7647 | D:10     | 7647 ||| INVOKING Spit Poison.
  7652 | D:10     | Found a transporter.
  7656 | D:10     | Found a transporter.
  7656 | D:10     | Noticed qw's ghost (journeyman NaHu)
  7656 | D:10     | Noticed a boulder beetle
  7669 | D:10     | 7669 ||| INVOKING Spit Poison.
  7673 | D:10     | 7673 ||| INVOKING Spit Poison.
  7679 | D:10     | 7679 ||| INVOKING Spit Poison.
  7687 | D:10     | 7687 ||| INVOKING Spit Poison.
  7688 | D:10     | 7688 ||| INVOKING Heroism.
  7691 | D:10     | Reached skill level 13 in Ranged Weapons
  7695 | D:10     | 7695 ||| INVOKING Spit Poison.
  7697 | D:10     | HP: 25/103 [yak (13)]
  7698 | D:10     | 7698 ||| READING scroll of teleportation.
  7699 | D:10     | 7699 ||| INVOKING Spit Poison.
  7915 | D:10     | Found an ornate altar of the Wu Jian Council.
  7950 | D:10     | 7950 ||| INVOKING Heroism.
  8097 | D:10     | Identified the +9 great sword of Honour {freeze, rF+ rC-
                  | Will++ SInv}
  8143 | D:10     | Found a staircase to the Lair.
  8291 | D:10     | 8291 ||| INVOKING Spit Poison.
  8298 | D:10     | 8298 ||| INVOKING Spit Poison.
  8305 | D:10     | 8305 ||| INVOKING Spit Poison.
  8310 | D:10     | 8310 ||| INVOKING Spit Poison.
  8373 | D:10     | 8373 ||| INVOKING Spit Poison.
  8382 | D:10     | 8382 ||| INVOKING Spit Poison.
  8387 | D:10     | 8387 ||| INVOKING Spit Poison.
  8389 | D:10     | Reached *** piety under Okawaru
  8391 | D:10     | 8391 ||| INVOKING Spit Poison.
  8397 | D:10     | 8397 ||| INVOKING Spit Poison.
  8400 | D:10     | 8400 ||| INVOKING Heroism.
  8401 | D:10     | 8401 ||| INVOKING Spit Poison.
  8408 | D:10     | 8408 ||| INVOKING Spit Poison.
  8635 | D:10     | Found a sacrificial altar of Ru.
  8667 | D:10     | 8667 ||| INVOKING Spit Poison.
  8681 | D:10     | 8681 ||| INVOKING Spit Poison.
  8689 | D:10     | 8689 ||| INVOKING Spit Poison.
  8697 | D:10     | 8697 ||| INVOKING Spit Poison.
  8704 | D:10     | 8704 ||| INVOKING Spit Poison.
  8709 | D:10     | Reached skill level 9 in Fighting
  8805 | D:10     | 8805 ||| INVOKING Spit Poison.
  8813 | D:10     | 8813 ||| INVOKING Spit Poison.
  8919 | D:10     | 8919 ||| INVOKING Heroism.
  9080 | D:10     | 9080 ||| PLANNING LAIR
  9080 | D:10     | 9080 ||| UPGRADING to amulet of reflection.
  9090 | D:10     | 9090 ||| DROPPING amulet of the acrobat.
  9091 | D:10     | 9091 ||| READING scroll labelled YCIFIS MAIBB.
  9092 | D:10     | 9092 ||| READING 6 scrolls of identify.
  9092 | D:10     | 9092 ||| IDENTIFYING metallic grey potion
  9093 | D:10     | 9093 ||| READING 5 scrolls of identify.
  9093 | D:10     | 9093 ||| IDENTIFYING fuming emerald potion
  9094 | D:10     | 9094 ||| DROPPING potion of invisibility.
  9127 | Lair:1   | Entered Level 1 of the Lair of Beasts
  9128 | Lair:1   | 9128 ||| INVOKING Heroism.
  9150 | Lair:1   | 9150 ||| INVOKING Spit Poison.
  9157 | Lair:1   | 9157 ||| INVOKING Spit Poison.
  9164 | Lair:1   | 9164 ||| INVOKING Heroism.
  9165 | Lair:1   | 9165 ||| INVOKING Spit Poison.
  9302 | Lair:1   | 9302 ||| INVOKING Heroism.
  9303 | Lair:1   | 9303 ||| INVOKING Spit Poison.
  9313 | Lair:1   | 9313 ||| INVOKING Spit Poison.
  9440 | Lair:1   | 9440 ||| INVOKING Spit Poison.
  9446 | Lair:1   | 9446 ||| INVOKING Spit Poison.
  9455 | Lair:1   | 9455 ||| INVOKING Spit Poison.
  9549 | Lair:1   | 9549 ||| INVOKING Heroism.
  9554 | Lair:1   | 9554 ||| INVOKING Spit Poison.
  9561 | Lair:1   | 9561 ||| INVOKING Spit Poison.
  9579 | Lair:1   | 9579 ||| INVOKING Heroism.
  9800 | Lair:1   | 9800 ||| INVOKING Spit Poison.
  9806 | Lair:1   | Noticed Amaemon
  9807 | Lair:1   | Noticed a six-headed hydra
  9814 | Lair:1   | 9814 ||| INVOKING Heroism.
  9815 | Lair:1   | 9815 ||| INVOKING Spit Poison.
  9820 | Lair:1   | Reached skill level 14 in Ranged Weapons
  9823 | Lair:1   | 9823 ||| INVOKING Spit Poison.
  9823 | Lair:1   | HP: 19/106 [Amaemon/+1 demon whip of venom (13)]
  9825 | Lair:1   | HP: 8/106 [yak (12)]
  9826 | Lair:1   | Slain by a yak

Levels and vault maps discovered:
D:1:      minmay_arrival_pointy, layout_basic, serial_shops,
          nicolae_shop_pleasant_corner_grove, minmay_splitting_lines,
          minmay_hexomino_f4
D:2:      layout_rooms, serial_shops, nicolae_shop_just_a_little_nook
D:3:      layout_basic, minmay_quantized
D:4:      cheibrodos_quashed, layout_cave_pools,
          gammafunk_temple_overflow_forgotten, mainiacjoe_overflow_boulevard,
          minmay_temple_entry_glass, uniq_sigmund
D:5:      layout_rooms, lemuel_crystal_altar, nicolae_shop_clearance
D:6:      layout_basic, zin_scriptorium, minivault_24
D:7:      layout_loops_ring
D:8:      layout_basic, kennysheep_small_circle, uniq_maurice
D:9:      nicolae_BIG_FREAKIN_CUBE, layout_irregular_city,
          grunt_temple_overflow_open, minitemple, orc_0_dummy, serial_demonic,
          serial_demonic_a, serial_demonic_g, serial_demonic_g,
          serial_demonic_g, serial_demonic_c
D:10:     layout_roguey, nzn_wu_jian_contemplation,
          nicolae_ru_the_path_less_chosen, lair_entry_dummy,
          gammafunk_ghost_arena
Temple:   nicolae_temple_bog_church
Lair:1:   layout_big_grid, small_statue_intersection, grunt_megastairs_4,
          uniq_amaemon

Skill      XL: |  1  2  3  4  5  6  7  8  9 10 11 |
---------------+----------------------------------+-----
Ranged Weapons | 4 5 6 7 9 10 12 14 | 14.0
Fighting       | 5 7 8 9 |  9.0
Dodging        | 2 3 4 5 |  5.0
Invocations    | 4 |  4.0
Armour         | 1 2 |  2.0
Stealth        | |  1.5

Action                     |  1- 3 |  4- 6 |  7- 9 | 10-12 || total
---------------------------+-------+-------+-------+-------++-------
   Fire: Shortbow          |    54 |    52 |   181 |       ||   287
         Orcbow            |       |       |       |   491 ||   491
 Invoke: Heroism           |       |       |    11 |    21 ||    32
Ability: Spit Poison       |    21 |    20 |    44 |    58 ||   143
    Use: Scroll            |     4 |     9 |     5 |    12 ||    30
         Potion            |       |     1 |     2 |     3 ||     6
 Armour: Leather armour    |     5 |     2 |    17 |    78 ||   102
  Dodge: Dodged            |     6 |     9 |   120 |   323 ||   458
  Block: Other             |       |       |       |    12 ||    12

Table legend:
 A = Non-vault XP
 B = Vault XP
 C = Vault XP percentage of total XP
 D = Non-vault monster count
 E = Vault monster count
 F = Vault count percentage of total count
                 A         B        C        D         E       F
            +---------+---------+-------+---------+---------+-------
      Total |   12358 |    5427 |  30.5 |     185 |      25 |  11.9
            +---------+---------+-------+---------+---------+-------
        D:1 |      20 |       4 |  16.7 |      11 |       2 |  15.4
        D:2 |      66 |       0 |   0.0 |      19 |       0 |   0.0
        D:3 |      33 |       8 |  19.5 |      17 |       4 |  19.0
        D:4 |     237 |     243 |  50.6 |      13 |       1 |   7.1
        D:5 |     705 |       0 |   0.0 |      11 |       0 |   0.0
        D:6 |     962 |       0 |   0.0 |      25 |       0 |   0.0
        D:7 |    1097 |       0 |   0.0 |      17 |       0 |   0.0
        D:8 |     908 |    1004 |  52.5 |      15 |       5 |  25.0
        D:9 |    1727 |    2998 |  63.4 |      13 |       9 |  40.9
       D:10 |    4175 |       0 |   0.0 |      34 |       0 |   0.0
     Lair:1 |    2428 |    1170 |  32.5 |      10 |       4 |  28.6
            +---------+---------+-------+---------+---------+-------
